 Dungeon Crawl Stone Soup version 0.17-a0-2064-g265a032 (webtiles) character file.

276 SlimeFever the Skirmisher (level 6, 0/56 HPs)
             Began as a Hill Orc Wanderer on Oct 12, 2015.
             Was a Believer of Makhleb.
             Killed by Freeze
             ... invoked by Rayvis's ghost
              (10 damage)
             ... on level 4 of the Dungeon.
             The game lasted 00:26:16 (3166 turns).

SlimeFever the Skirmisher (Hill Orc Wanderer)       Turns: 3166, Time: 00:26:16

Health: 0/56       AC:  5    Str: 16    XL:     6   Next: 25%
Magic:  6/6        EV: 10    Int: 12    God:    Makhleb [**....]
Gold:   137        SH:  3    Dex: 11    Spells: 0 memorised, 5 levels left

rFire  . . .     SeeInvis .     b - +0 short sword
rCold  . . .     Clarity  .     c - +0 ring mail
rNeg   . . .     SustAt   .     j - +0 buckler
rPois  .         Gourm    .     (helmet restricted)
rElec  .         Spirit   .     (no cloak)
rCorr  .         Warding  .     (no gloves)
rMut   .         Stasis   .     (no boots)
MR     .....                    (no amulet)
Stlth  +.........               (no ring)
                                (no ring)

@: not resistant to hostile enchantments, very unstealthy
A: horns 1, blurry vision 1
a: Minor Destruction, Renounce Religion


You were on level 4 of the Dungeon.
You worshipped Makhleb.
Makhleb was pleased with you.
You were not hungry.

You visited 1 branch of the dungeon, and saw 4 of its levels.
You also visited: Sewer.

You collected 137 gold pieces.

Inventory:

Hand Weapons
 a - a +3 hand crossbow
 b - a +0 short sword (weapon)
Missiles
 d - 6 bolts
Armour
 c - a +0 ring mail (worn)
 j - a +0 buckler (worn)
Magical Staves
 f - an uncursed staff of fire
Wands
 h - a wand of digging (24)
Potions
 i - a potion of heal wounds {unknown}
 l - a potion of cancellation {unknown}
 m - 2 potions of flight
 n - 5 potions of curing
Comestibles
 e - 3 bread rations
 g - a slice of pizza
 k - 3 fruits
 o - 2 beef jerkies


   Skills:
 + Level 5.0 Fighting
 + Level 3.6 Crossbows
 + Level 2.5 Armour
 + Level 2.3 Dodging
 + Level 1.0 Stealth
 + Level 1.3 Shields
 + Level 1.3 Unarmed Combat


You had 5 spell levels left.
You didn't know any spells.

Dungeon Overview and Level Annotations

Branches:
Dungeon (4/15)
 Temple: D:4-7

Altars:
Makhleb
Xom

Annotations:
D:4 Rayvis's ghost, amateur DrIE


Innate Abilities, Weirdness & Mutations

You have a pair of small horns on your head.
Scrolls take you a little longer to read.


Message History

Aim: Rayvis's ghost (moderately damaged)
The zap hits Rayvis's ghost.
Rayvis's ghost is moderately damaged.
You feel slightly more hungry.
Rayvis's ghost hits you but does no damage.
b - a +0 short sword (weapon)
Your shield prevents you from hitting Rayvis's ghost.
Rayvis's ghost is moderately damaged.
Rayvis's ghost gestures at you while chanting.
You are frozen.
You hit Rayvis's ghost but do no damage.
Rayvis's ghost is moderately damaged.
Rayvis's ghost points at you and mumbles some strange words.
You are frozen.
* * * LOW HITPOINT WARNING * * *
You hit Rayvis's ghost.
Rayvis's ghost is moderately damaged.
Rayvis's ghost points at you and mumbles some strange words.
You are frozen.
You die...

###....#.... ..
#....##.## ..... #....
#.# ...... ## ##...
#.# .#...#.## .# #...
...# ...$?..(###.#
##....# #...
$.........#.
#....#..######
.).........#..#...
...####
..........@W......
.......
..................
#.#..#.
.........####.....
#.##.#. ...#....#
#.#### #.##... ####.#
#.# #. #......
#.####.## #.##......
##....#..# #.........
##......#.#####.......
#.......<.............


You could see Rayvis's ghost.

Vanquished Creatures
  A big kobold (Sewer)
  A giant frog skeleton (D:4)
  8 adders
  3 river rats (Sewer)
  2 worms
  An orc (D:3)
  3 ball pythons
  4 giant cockroaches
  3 hobgoblins
  11 jackals
  2 quokkas (D:2)
  9 bats
  A giant gecko (D:3)
  4 giant newts
  7 goblins
  11 kobolds
  7 rats
78 creatures vanquished.

Notes
Turn   | Place    | Note
--------------------------------------------------------------
     0 | D:1      | SlimeFever the Hill Orc Wanderer began the quest for the Orb.
     0 | D:1      | SlimeFever set off with: a +2 hand crossbow, 24 bolts, a +0 ring mail, a potion of curing, a bread ration
     0 | D:1      | Reached XP level 1. HP: 19/19 MP: 1/1
   648 | D:2      | Reached skill level 4 in Fighting
   648 | D:2      | Reached XP level 2. HP: 14/27 MP: 2/2
   875 | D:2      | Reached XP level 3. HP: 24/33 MP: 3/3
  1097 | D:2      | Found a burning altar of Makhleb.
  1097 | D:2      | Noticed an Executioner
  1100 | D:2      | Noticed a ynoxinul
  1100 | D:2      | Noticed a hellwing
  1102 | D:2      | Became a worshipper of Makhleb the Destroyer
  1309 | D:2      | Reached XP level 4. HP: 36/41 MP: 4/4
  1742 | D:3      | Found a glowing drain.
  1747 | D:3      | Reached * piety under Makhleb
  1780 | Sewer    | Entered a sewer
  1789 | Sewer    | Reached XP level 5. HP: 22/47 MP: 5/5
  1791 | Sewer    | Reached skill level 5 in Fighting
  1793 | Sewer    | HP: 2/48 [river rat (4)]
  1794 | Sewer    | Gained mutation: You have a pair of small horns on your head. [potion of mutation]
  1794 | Sewer    | Gained mutation: Scrolls take you a little longer to read. [potion of mutation]
  2048 | Sewer    | Noticed a big kobold
  2053 | Sewer    | Killed a big kobold
  2152 | Sewer    | Found a glowing silver altar of Zin.
  2646 | D:3      | Reached XP level 6. HP: 50/56 MP: 6/6
  2725 | D:3      | Reached ** piety under Makhleb
  3113 | D:4      | Found a shimmering altar of Xom.
  3154 | D:4      | Noticed Rayvis's ghost (amateur DrIE)
  3166 | D:4      | Killed from afar by Rayvis's ghost

Vault maps used:
D:1:      lightli_arrival_statue_moat, serial_bayou_lake_a
D:2:      forest_paths, makhleb_altar_promises_db, first_bread,
          due_unseen_surprise
D:3:      portal_sewer_entry_a
D:4:      minitemple, kennysheep_little_box
Sewer:    sewer_kobolds

Action                   |  1- 3 |  4- 6 || total
-------------------------+-------+-------++-------
Melee: Short sword       |       |    61 ||    61
       Unarmed           |       |    23 ||    23
 Fire: Hand crossbow     |    47 |    98 ||   145
Invok: Minor Destruction |       |     6 ||     6
  Use: Scroll            |     6 |     7 ||    13
       Potion            |       |     2 ||     2
  Eat: Bread ration      |       |     1 ||     1
       Meat ration       |       |     1 ||     1
